 Dungeon Crawl Stone Soup version 0.30-a0-365-ge7f957f1db (webtiles) character file.

Game seed: 13909129447501994829

627 hikkokomori the Shield-Bearer (level 7, -4/60 HPs)
             Began as a Gnoll Fighter on Nov 17, 2022.
             Was an Initiate of Vehumet.
             Slain by an ice beast (13 damage)
             ... on level 5 of the Dungeon.
             The game lasted 00:07:17 (3606 turns).

hikkokomori the Shield-Bearer (Gnoll Fighter)       Turns: 3606, Time: 00:07:18

Health: -4/60      AC:  5    Str: 13    XL:     7   Next: 48%
Magic:  10/10      EV: 12    Int: 10    God:    Vehumet [......]
Gold:   172        SH:  5    Dex: 12    Spells: 10/11 levels left

rFire   . . .      SeeInvis .    a - +0 trident
rCold   . . .      Faith    .    c - +0 buckler
rNeg    . . .      Spirit   .    t - +2 robe of Ixtopn {+Blink Str-4 Int+3 Archmagi}
rPois   .          Reflect  .    v - +0 helmet
rElec   .          Harm     .    (no cloak)
rCorr   .          Rampage  .    (no gloves)
Will    .....      Archmagi +    (no boots)
Stlth   ++........               (no amulet)
HPRegen 0.30/turn                (no ring)
MPRegen 0.12/turn                (no ring)

@: no status effects
A: fangs 1, strong nose, distributed training
a: Renounce Religion, Evoke Blink


You were on level 5 of the Dungeon.
You worshipped Vehumet.
Vehumet was noncommittal.
You visited 1 branch of the dungeon, and saw 5 of its levels.

You collected 172 gold pieces.

Inventory:

Hand Weapons
 a - a +0 trident (weapon)
Armour
 b - a +0 scale mail
 c - a +0 buckler (worn)
 t - the +2 robe of Ixtopn (worn) {+Blink Str-4 Int+3 Archmagi}
   (You found it on level 4 of the Dungeon)

   Str:       It affects your strength (-4).
   Int:       It affects your intelligence (+3).
   +Blink:    It lets you blink.
   Archmagi:  It increases the power of your magical spells.
 v - a +0 helmet (worn)
 y - a +0 helmet
Wands
 A - a wand of paralysis (11)
Scrolls
 d - a scroll of torment {unknown}
 e - 3 scrolls of enchant weapon {unknown}
 f - a scroll of fear {unknown}
 h - 2 scrolls of noise {unknown}
 o - 3 scrolls of teleportation {unknown}
 p - 3 scrolls of fog {unknown}
 q - a scroll of vulnerability {unknown}
 r - 8 scrolls of identify {unknown}
 s - a scroll of poison {unknown}
 u - 3 scrolls of amnesia {unknown}
Potions
 g - 2 potions of curing {unknown}
 i - 2 potions of brilliance {unknown}
 j - a potion of heal wounds {unknown}
 k - 2 potions of cancellation
 l - a potion of resistance {unknown}
 m - 2 potions of lignification {unknown}
 n - 2 potions of ambrosia {unknown}
 w - a potion of magic {unknown}
 x - a potion of haste {unknown}
 z - a potion of mutation {unknown}


   Skills:
 + Level 7.1 Fighting
 + Level 2.6 Short Blades
 + Level 2.6 Long Blades
 + Level 2.6 Axes
 + Level 2.6 Maces & Flails
 + Level 5.3 Polearms
 + Level 2.6 Staves
 + Level 2.6 Ranged Weapons
 + Level 2.6 Throwing
 + Level 7.1 Armour
 + Level 2.6 Dodging
 + Level 2.6 Stealth
 + Level 7.1 Shields
 + Level 2.6 Unarmed Combat
 + Level 2.6 Spellcasting
 + Level 2.1 Conjurations
 + Level 2.1 Hexes
 + Level 2.1 Summonings
 + Level 2.1 Necromancy
 + Level 2.1 Translocations
 + Level 2.1 Transmutations
 + Level 2.1 Fire Magic
 + Level 2.1 Ice Magic
 + Level 2.1 Air Magic
 + Level 2.1 Earth Magic
 + Level 2.1 Poison Magic
 + Level 2.9 Invocations
 + Level 2.6 Evocations


You had 10 spell levels left.
You knew the following spells:

 Your Spells              Type           Power      Damage    Failure   Level
a - Magic Dart            Conj           32%        1d4       16%         1

Your spell library contained the following spells:

 Spells                   Type           Power      Damage    Failure   Level
 Freeze                   Ice            32%        1d5       16%         1
 Necrotise                Necr           32%        1d5       16%         1
 Slow                     Hex            32%        N/A       16%         1
 Summon Lightning Spire   Summ/Air       8%         N/A       83%         4
 Storm Form               Tmut/Air       4%         N/A       100%        7
 Maxwell's Capacitive Co  Air            4%         ∞         100%        8


Dungeon Overview and Level Annotations

Branches:
Dungeon (5/15)
 Temple: D:4-7

Altars:
Vehumet

Annotations:
D:4 Grinder


Innate Abilities, Weirdness & Mutations

You have very sharp teeth.
Your uncanny sense of smell can sniff out nearby items.
Your experience applies equally to all skills.


Message History

The ice beast is heavily wounded.
The ice beast hits you. The ice beast freezes you!
You barely miss the ice beast.
The ice beast is heavily wounded.
The ice beast hits you but does no damage.
You hit the ice beast but do no damage.
You bite the ice beast, but do no damage.
The ice beast is heavily wounded.
The ice beast hits you. The ice beast freezes you!
You completely miss the ice beast.
The ice beast is heavily wounded.
The ice beast closely misses you.
You puncture the ice beast! Your bite misses the ice beast.
The ice beast is severely wounded.
The ice beast completely misses you.
You hit the ice beast but do no damage.
The ice beast is severely wounded.
The ice beast hits you but does no damage.
You closely miss the ice beast.
You bite the ice beast, but do no damage.
The ice beast is severely wounded.
The ice beast closely misses you.
You hit the ice beast but do no damage.
The ice beast is severely wounded.
The ice beast hits you. The ice beast freezes you!
* * * LOW HITPOINT WARNING * * *
You hit the ice beast.
The ice beast is almost dead.
You block the ice beast's attack.
You hit the ice beast but do no damage.
You bite the ice beast, but do no damage.
The ice beast is almost dead.
The ice beast closely misses you.
The ice beast hits you but does no damage.
You barely miss the ice beast.
The ice beast is severely wounded.
The ice beast hits you.
* * * LOW HITPOINT WARNING * * *
The ice beast freezes you!
You die...

#.........#
#..Y........# #.#
#.........#
#...........# #.#
#.........#
#...........####.#
#.........#
#......#.........#
###.........#
#.################
...##.####### #.#
##.##.<# #.#
#..#..# #Y#
##.#..# #@# #.#..#
#.# #†#..#### #.#
∆ #.#.....# #.# .
#.#.....# #.# ..
#.#.....# #.# ∆...
#.......# #.# ....
###..#### #.#
..... #..#
#.#......


You could see an ice beast.

Vanquished Creatures
  Menkaure (D:4)
  A phantom (D:4)
  2 scorpions (D:5)
  A gnoll sergeant (D:5)
  A howler monkey (D:5)
  A hound (D:4)
  A jelly (D:2)
  4 gnolls (D:5)
  5 adders
  A worm (D:2)
  4 dart slugs
  An orc (D:4)
  3 bats
  7 endoplasms
  5 giant cockroaches
  4 goblins
  5 hobgoblins
  4 jackals (D:3)
  2 kobolds
  A quokka (D:2)
  5 ball pythons
  5 frilled lizards
  A rat (D:1)
65 creatures vanquished.

Notes
Turn   | Place    | Note
-------+----------+-------------------------------------------
     0 | D:1      | hikkokomori the Gnoll Fighter began the quest for the Orb.
     0 | D:1      | Reached XP level 1. HP: 23/23 MP: 1/1
    44 | D:1      | Reached XP level 2. HP: 29/29 MP: 2/2
   359 | D:1      | Found a faded altar of an unknown god.
   364 | D:1      | Got Plato's Octavo of Confrontation
   498 | D:2      | Reached XP level 3. HP: 35/35 MP: 3/3
   582 | D:2      | Reached skill level 1 in Invocations
   587 | D:2      | Reached skill level 1 in Short Blades
   587 | D:2      | Reached skill level 1 in Long Blades
   587 | D:2      | Reached skill level 1 in Axes
   587 | D:2      | Reached skill level 1 in Maces & Flails
   587 | D:2      | Reached skill level 1 in Staves
   587 | D:2      | Reached skill level 1 in Ranged Weapons
   587 | D:2      | Reached skill level 1 in Throwing
   587 | D:2      | Reached skill level 1 in Dodging
   587 | D:2      | Reached skill level 1 in Stealth
   587 | D:2      | Reached skill level 1 in Unarmed Combat
   587 | D:2      | Reached skill level 1 in Spellcasting
   587 | D:2      | Reached skill level 1 in Evocations
   587 | D:2      | Reached XP level 4. HP: 38/41 MP: 5/5
   587 | D:2      | Found a radiant altar of Vehumet.
   629 | D:2      | Reached skill level 1 in Conjurations
   629 | D:2      | Reached skill level 1 in Hexes
   629 | D:2      | Reached skill level 1 in Summonings
   629 | D:2      | Reached skill level 1 in Necromancy
   629 | D:2      | Reached skill level 1 in Translocations
   629 | D:2      | Reached skill level 1 in Transmutations
   629 | D:2      | Reached skill level 1 in Fire Magic
   629 | D:2      | Reached skill level 1 in Ice Magic
   629 | D:2      | Reached skill level 1 in Air Magic
   629 | D:2      | Reached skill level 1 in Earth Magic
   629 | D:2      | Reached skill level 1 in Poison Magic
  1604 | D:3      | Reached XP level 5. HP: 43/47 MP: 7/7
  1747 | D:4      | Identified the +2 robe of Ixtopn {+Blink Str-4 Int+3
                  | Archmagi}
  1786 | D:4      | Learned a level 1 spell: Magic Dart
  1948 | D:4      | Noticed a phantom
  2028 | D:2      | Became a worshipper of Vehumet
  2083 | D:5      | Entered Level 5 of the Dungeon
  2246 | D:4      | Noticed Grinder
  2249 | D:4      | Noticed Menkaure
  2257 | D:4      | Killed Menkaure
  2258 | D:4      | Reached skill level 5 in Polearms
  2258 | D:4      | Reached XP level 6. HP: 10/53 MP: 7/9
  2430 | D:4      | Got An Introduction to Wizardry
  2625 | D:4      | Found a radiant altar of Vehumet.
  3021 | D:5      | Noticed an ice beast
  3060 | D:5      | Reached XP level 7. HP: 19/60 MP: 10/10
  3606 | D:5      | Slain by an ice beast

Illustrated notes

Levels and vault maps discovered:
D:1:      lemuel_arrival_behind_the_door_large, layout_rooms,
          shapermc_ecumenical_altar_rom_forum, st_stairs_14, hex_medium,
          chequers_serial_rivers_micro_c
D:2:      layout_loops_cross, minmay_hexomino_r4
D:3:      layout_loops_ring, minivault_24
D:4:      layout_basic, nicolae_overflow_hidden_temple, uniq_menkaure,
          uniq_grinder
D:5:      layout_basic

Skill      XL: |  1  2  3  4  5  6  7 |
---------------+----------------------+-----
Invocations    | 1 2 |  2.9
Short Blades   | 1 2 |  2.6
Long Blades    | 1 2 |  2.6
Axes           | 1 2 |  2.6
Maces & Flails | 1 2 |  2.6
Staves         | 1 2 |  2.6
Ranged Weapons | 1 2 |  2.6
Throwing       | 1 2 |  2.6
Dodging        | 1 2 |  2.6
Stealth        | 1 2 |  2.6
Unarmed Combat | 1 2 |  2.6
Spellcasting   | 1 2 |  2.6
Evocations     | 1 2 |  2.6
Conjurations   | 1 2 |  2.1
Hexes          | 1 2 |  2.1
Summonings     | 1 2 |  2.1
Necromancy     | 1 2 |  2.1
Translocations | 1 2 |  2.1
Transmutations | 1 2 |  2.1
Fire Magic     | 1 2 |  2.1
Ice Magic      | 1 2 |  2.1
Air Magic      | 1 2 |  2.1
Earth Magic    | 1 2 |  2.1
Poison Magic   | 1 2 |  2.1
Polearms       | 5 |  5.3
Fighting       | 7 |  7.1
Armour         | 7 |  7.1
Shields        | 7 |  7.1

Action                   |  1- 3 |  4- 6 |  7- 9 || total
-------------------------+-------+-------+-------++-------
Melee: Trident           |    64 |   124 |    56 ||   244
       Bite              |     5 |    16 |    10 ||    31
 Cast: Magic Dart        |       |     7 |     5 ||    12
  Use: Potion            |       |     2 |       ||     2
 Stab: Sleeping          |       |     1 |       ||     1
Armor: Scale mail        |    15 |    24 |       ||    39
       Robe              |       |     9 |    10 ||    19
Dodge: Dodged            |    19 |    39 |    23 ||    81
Block: Buckler           |    10 |    29 |     6 ||    45

Table legend: (Time is in decaauts)
 A = Elapsed time spent in this place.
 B = Non-inter-level travel time spent in this place.
 C = Inter-level travel time spent in this place.
 D = Time resting spent in this place.
 E = Time spent auto-exploring this place.
 F = Levels seen in this place.
 G = Mean time per level.
                   A        B        C        D        E       F      G
               +--------+--------+--------+--------+--------+-----+--------+
         Total |   3633 |   3322 |    311 |    234 |   2463 |   5 |  726.6 |
       Dungeon |   3633 |   3322 |    311 |    234 |   2463 |   5 |  726.6 |
               +--------+--------+--------+--------+--------+-----+--------+

Top non-repeatable levels by time:
     D:4: 1117 daAuts
     D:2: 717 daAuts
     D:3: 684 daAuts
     D:5: 642 daAuts
     D:1: 472 daAuts
